AoeStats
← Chântalion

Arabia

510169478Analyzed
1v1 RM · 3d ago on Sep 29, 2026· 34m 37s· 2 players
Game mode
Random Map
Map size
Tiny (2 player)
Population
200
Speed
Normal
Resources
Standard
Victory
Conquest
Starting age
Dark Age
Ending age
Imperial Age
RankedLock teamsTeams togetherTeam positionsShared explorationLock speedFull tech treeHidden civsTurbo modeCheats
Victory
Defeat
🇩🇪 Britons · Germany
1105
+16
🇸🇰 Vietnamese · Slovakia
1112
-16
Kaltenburg
7:12 Loom
9:39 Feudal Age
7:57 Loom
10:34 Double-Bit Axe
13:55 Fletching
21:14 Castle Age
20:13 Gold Mining
21:14 Padded Archer Armor
21:16 Horse Collar
21:20 Crossbowman
22:02 Bodkin Arrow
30:07 Imperial Age
29:21 Leather Archer Armor
30:36 Ballistics
30:39 Arbalester
33:31 Bracer
Chântalion
9:42 Feudal Age
8:43 Loom
10:09 Double-Bit Axe
10:06 Horse Collar
11:33 Wheelbarrow
21:04 Castle Age
20:11 Stone Mining
20:31 Fletching
21:57 Bodkin Arrow
22:18 Elite Skirmisher
23:01 Padded Archer Armor
27:35 Bow Saw
28:11 Leather Archer Armor
28:22 Heavy Plow
30:50 Hand Cart
Connection lost

Rejoining the realm…

Still unreachable

The connection could not be restored.

Session expired

The server has moved on; the page needs a fresh start.